 Dungeon Crawl Stone Soup version 0.31.0-12-g77e489cdc1 (webtiles) character file.

Game seed: 5255163115877446155

736998 olmar the Skullcrusher (level 27, -4/205 (249) HPs)
             Began as a Demonspawn Gladiator on Feb 12, 2024.
             Was an Initiate of Gozag.
             Slain by an iron golem (27 damage)
             ... led by an iron giant
             ... on level 5 of the Iron City of Dis on Feb 13, 2024.
             The game lasted 02:58:45 (93458 turns).

olmar the Skullcrusher (Demonspawn Gladiator)      Turns: 93458, Time: 02:58:45

HP:   -4/205 (249)  AC: 47    Str: 24    XL:     27
MP:   0/23          EV:  9    Int: 13    God:    Gozag
Gold: 6451          SH: 23    Dex: 21    Spells: 26/26 levels left

rFire   + . .        i - +9 eveningstar (heavy)
rCold   + + .        g - +0 kite shield {reflect}
rNeg    + + +        W - +9 scales of the Dragon King {rPois rF+ rC+ Will+}
rPois   +            r - +3 crown of Dyrovepreva {rElec Int+2 SInv}
rElec   +            e - +4 dragonskin cloak
rCorr   +            I - +0 pair of fencer's gloves {Riposte Dex+3}
SInv    +            (boots unavailable)
Will    +++++        s - amulet "Tozaog" {Spirit rN+ Will+} Stlth
                     c - ring of Waeseex {Fly rN+ rCorr Int+3}
HPRegen 0.54/turn    Y - ring "Neosh" {rPois rN+ Will+}
MPRegen 0.18/turn

%: reflection, guardian spirit
@: flying, studying 2 skills, heavily drained, corroded
A: hooves 3, icy blue scales 3, foul stench 3, icemail 2, condensation shield,
corrupting presence 2, word of chaos, dopey 1, sense surroundings 1, evolution
2, inability to drink after injury 1
}: 5/15 runes: serpentine, barnacled, slimy, silver, bone
a: Word of Chaos, Renounce Religion, Potion Petition, Call Merchant, Bribe
Branch


You were on level 5 of the Iron City of Dis.
You worshipped Gozag.
Gozag was greatly pleased with you.
You visited 15 branches of the dungeon, and saw 67 of its levels.
You visited 1 bazaar.
You also visited: Trove, Bailey and Wizlab.

You collected 38130 gold pieces.
You spent 12693 gold pieces at shops.
You paid 18986 gold pieces to Gozag.

Inventory:

Hand Weapons
 i - a +9 heavy eveningstar (weapon)
 p - the +9 eveningstar of Blood {antimagic, Fly rN++}
   (You bought it in a shop on level 1 of the Lair of Beasts)

   rN++:      It greatly protects you from negative energy.
   Fly:       It grants you flight.
Missiles
 k - 7 silver javelins
 F - 16 curare-tipped darts
 X - 6 darts of dispersal
Armour
 b - a scarf of resistance
 e - the +4 dragonskin cloak (worn)
   (You took it off Tiamat on level 2 of the Realm of Zot)

   Avatar's Aegis: It grants the wearer a chance to resist fire, cold, poison,
   electricity, acid, and negative energy.
 g - a +0 kite shield of reflection (worn)
 r - the +3 crown of Dyrovepreva (worn) {rElec Int+2 SInv}
   (You bought it in a shop on level 1 of the Depths)

   Int+2:     It affects your intelligence (+2).
   rElec:     It insulates you from electricity.
   SInv:      It lets you see invisible.
 y - the +8 orange crystal plate armour {Archmagi, Int+3 Clar}
   (You bought it in a shop on level 4 of the Lair of Beasts)

   Int+3:     It affects your intelligence (+3).
   Clar:      It protects you from confusion, rage, mesmerisation and fear.
 A - the +3 Mad Mage's Maulers {Infuse+∞ VampMP -Cast}
   (You acquired it on level 5 of the Lair of Beasts)

   Infuse+∞: It empowers its wearer's blows with all of their magic.
   VampMP:    Blows struck in melee replenish the wearer's magic.
   -Cast:     It prevents spellcasting.
 G - a +1 hat of willpower
 I - the +0 pair of fencer's gloves (worn) {Riposte Dex+3}
   (You found it in a bailey)

   Riposte:   It allows the wearer to riposte with melee weapons, swiftly
   retaliating against missed or blocked melee attacks.
   Dex+3:     It affects your dexterity (+3).
 W - the +9 scales of the Dragon King (worn) {rPois rF+ rC+ Will+}
   (You found it on level 5 of the Vaults)

   rF+:       It protects you from fire.
   rC+:       It protects you from cold.
   rPois:     It protects you from poison Will+: It increases your willpower.
Jewellery
 c - the ring of Waeseex (left hand) {Fly rN+ rCorr Int+3}
   (You took it off an occultist on level 2 of the Depths)

   [ring of flight]

   Int+3:     It affects your intelligence (+3).
   rN+:       It protects you from negative energy.
   Fly:       It grants you flight.
   rCorr:     It protects you from acid and corrosion.
 s - the amulet "Tozaog" (around neck) {Spirit rN+ Will+}
   (You found it in a treasure trove)

   [amulet of guardian spirit]

   Spirit:    It causes incoming damage to be divided between your reserves of
   health and magic.
   rN+:       It protects you from negative energy.
   Will+:     It increases your willpower.
 z - the ring "Ycykk" {^Contam rF+ rC+ Int+6}
   (You found it in a treasure trove)

   [ring of intelligence]

   Int+6:     It affects your intelligence (+6).
   rF+:       It protects you from fire.
   rC+:       It protects you from cold.
   ^Contam:   It causes magical contamination when unequipped.
 U - the ring of Afiredy {+Blink rPois Str+2 Int+2 Slay+4}
   (You acquired it on level 5 of the Lair of Beasts)

   [ring of slaying]

   Str+2:     It affects your strength (+2).
   Int+2:     It affects your intelligence (+2).
   Slay+4:    It affects your accuracy & damage with ranged weapons and melee
   (+4).
   rPois:     It protects you from poison +Blink: It lets you blink.
 Y - the ring "Neosh" (right hand) {rPois rN+ Will+}
   (You took it off a deep elf demonologist on level 2 of the Depths)

   [ring of poison resistance]

   rPois:     It protects you from poison rN+: It protects you from negative
   energy.
   Will+:     It increases your willpower.
Wands
 m - a wand of paralysis (17)
 q - a wand of acid (12) (quivered)
 B - a wand of digging (30)
 C - a wand of flame (100)
 H - a wand of iceblast (91)
 S - a wand of mindburst (17)
Scrolls
 h - 10 scrolls of poison
 l - a scroll of teleportation
 v - 3 scrolls of fog
 w - 3 scrolls of enchant armour
 E - 7 scrolls of revelation
 R - 8 scrolls of blinking
 T - 6 scrolls of fear
Potions
 a - 10 potions of curing
 d - 3 potions of berserk rage
 j - 7 potions of heal wounds
 n - 3 potions of invisibility
 t - 3 potions of resistance
 u - 4 potions of cancellation
 x - 12 potions of lignification
 D - 18 potions of mutation
 K - 2 potions of haste
 O - 10 potions of might
 P - 2 potions of brilliance
 Q - 7 potions of ambrosia
 V - 9 potions of enlightenment
Miscellaneous
 f - a lightning rod (3/4)
 o - the horn of Geryon (inert)
 J - a sack of spiders (inert)
 L - a tin of tremorstones (2/2)
 N - a phial of floods
 Z - a phantom mirror


   Skills:
 O Level 27 Fighting
 O Level 27 Maces & Flails
 - Level 4.8 Throwing
 + Level 21.5 Armour
 + Level 4.6 Dodging
 - Level 7.0 Stealth
 + Level 25.9 Shields
 + Level 5.7 Evocations


You had 26 spell levels left.
You didn't know any spells.
Your spell library contained the following spells:

 Spells                   Type           Power      Damage    Failure   Level
 Apportation              Tloc           0%         N/A       99%         1
 Freeze                   Ice            0%         1d3       99%         1
 Kiss of Death            Conj/Necr      0%         2d5       99%         1
 Magic Dart               Conj           0%         1d3       99%         1
 Necrotise                Necr           0%         1d4       99%         1
 Shock                    Conj/Air       0%         1d3       99%         1
 Sting                    Conj/Alch      0%         1d3       99%         1
 Call Imp                 Summ           0%         N/A       100%        2
 Cigotuvi's Dreadful Rot  Necr/Alch/Air  0%         N/A       100%        2
 Jinxbite                 Hex            0%         N/A       100%        2
 Lesser Beckoning         Tloc           0%         N/A       100%        2
 Mercury Vapours          Alch/Air       0%         N/A       100%        2
 Scorch                   Fire           0%         2d5       100%        2
 Searing Ray              Conj           0%         2d4       100%        2
 Static Discharge         Conj/Air       0%         3-3/arc   100%        2
 Call Canine Familiar     Summ           0%         N/A       100%        3
 Dazzling Flash           Conj/Hex       0%         N/A       100%        3
 Frozen Ramparts          Ice            0%         1d1       100%        3
 Fugue of the Fallen      Necr           0%         N/A       100%        3
 Gell's Gravitas          Tloc           0%         N/A       100%        3
 Hailstorm                Conj/Ice       0%         3d5       100%        3
 Inner Flame              Hex/Fire       0%         N/A       100%        3
 Mephitic Cloud           Conj/Alch/Air  0%         N/A       100%        3
 Ozocubu's Armour         Ice            0%         N/A       100%        3
 Sigil of Binding         Hex            0%         N/A       100%        3
 Summon Ice Beast         Ice/Summ       0%         N/A       100%        3
 Swiftness                Air            0%         N/A       100%        3
 Teleport Other           Tloc           0%         N/A       100%        3
 Tukima's Dance           Hex            0%         N/A       100%        3
 Vampiric Draining        Necr           0%         2d6       100%        3
 Volatile Blastmotes      Fire/Tloc      0%         2d10      100%        3
 Airstrike                Air            0%         2d(0-16)  100%        4
 Anguish                  Hex/Necr       0%         N/A       100%        4
 Animate Armour           Summ/Erth      0%         N/A       100%        4
 Cause Fear               Hex            0%         N/A       100%        4
 Dimensional Bullseye     Hex/Tloc       0%         N/A       100%        4
 Dispel Undead            Necr           0%         3d6       100%        4
 Flame Wave               Conj/Fire      0%         2d4       100%        4
 Fulminant Prism          Conj/Alch      0%         3d5       100%        4
 Ignite Poison            Fire/Alch      0%         N/A       100%        4
 Iskenderun's Mystic Bla  Conj/Tloc      0%         2d3       100%        4
 Leda's Liquefaction      Alch/Erth      0%         N/A       100%        4
 Manifold Assault         Tloc           0%         N/A       100%        4
 Martyr's Knell           Necr/Summ      0%         N/A       100%        4
 Olgreb's Toxic Radiance  Alch           0%         N/A       100%        4
 Passage of Golubria      Tloc           0%         N/A       100%        4
 Petrify                  Alch/Erth      0%         N/A       100%        4
 Sticky Flame             Fire/Alch      0%         2d4       100%        4
 Vhi's Electric Charge    Tloc/Air       0%         N/A       100%        4
 Alistair's Intoxication  Alch           0%         N/A       100%        5
 Arcjolt                  Conj/Air       0%         1d10      100%        5
 Borgnjor's Vile Clutch   Necr/Erth      0%         N/A       100%        5
 Curse of Agony           Necr           0%         N/A       100%        5
 Fireball                 Conj/Fire      0%         3d3       100%        5
 Freezing Cloud           Conj/Ice/Air   0%         6-21      100%        5
 Irradiate                Conj/Alch      0%         3d11      100%        5
 Iskenderun's Battlesphe  Conj           0%         2d6       100%        5
 Metabolic Englaciation   Hex/Ice        0%         N/A       100%        5
 Silence                  Hex/Air        0%         N/A       100%        5
 Summon Forest            Summ/Tloc      0%         N/A       100%        5
 Summon Mana Viper        Hex/Summ       0%         N/A       100%        5
 Bombard                  Conj/Erth      0%         9d1       100%        6
 Death Channel            Necr           0%         N/A       100%        6
 Eringya's Noxious Bog    Alch           0%         4d6       100%        6
 Plasma Beam              Fire/Air       0%         2x1d10    100%        6
 Sculpt Simulacrum        Ice/Alch       0%         N/A       100%        6
 Starburst                Conj/Fire      0%         6d3       100%        6
 Summon Cactus Giant      Summ           0%         N/A       100%        6
 Haunt                    Necr/Summ      0%         N/A       100%        7
 Malign Gateway           Summ/Tloc      0%         N/A       100%        7
 Monstrous Menagerie      Summ           0%         N/A       100%        7
 Ozocubu's Refrigeration  Ice            0%         4d7       100%        7
 Spellforged Servitor     Conj/Summ      0%         N/A       100%        7
 Summon Hydra             Summ           0%         N/A       100%        7
 Borgnjor's Revivificati  Necr           0%         N/A       100%        8
 Ignition                 Fire           0%         3d3       100%        8
 Infestation              Necr           0%         N/A       100%        8
 Lehudib's Crystal Spear  Conj/Erth      0%         10d2      100%        8
 Maxwell's Capacitive Co  Air            0%         ∞         100%        8
 Summon Horrible Things   Summ           0%         N/A       100%        8
 Chain Lightning          Conj/Air       0%         N/A       100%        9
 Death's Door             Necr           0%         N/A       100%        9
 Dragon's Call            Summ           0%         N/A       100%        9
 Fire Storm               Conj/Fire      0%         5d1       100%        9
 Polar Vortex             Ice            0%         N/A       100%        9
 Shatter                  Erth           0%         3d5*      100%        9
 Animate Dead             Necr           Unusable   N/A       N/A         4

Dungeon Overview and Level Annotations

Branches:
Dungeon (15/15)            Temple (1/1) D:5            Lair (5/5) D:8
 Shoals (4/4) Lair:3        Snake (4/4) Lair:2        Slime (5/5) Lair:4
    Orc (2/2) D:11            Elf (3/3) Orc:2        Vaults (5/5) D:13
  Crypt (3/3) Vaults:2       Tomb (0/3) Crypt:3      Depths (4/4) D:15
   Hell (visited)             Dis (3/7) Hell            Geh (0/7) Hell
    Coc (0/7) Hell            Tar (7/7) Hell            Zot (4/5) Depths:4
 Bailey (visited)          WizLab (visited)

Altars:
Ashenzari
Cheibriados
Dithmenos
Fedhas
Gozag
Hepliaklqana
Kikubaaqudgha
Makhleb
Nemelex Xobeh
Okawaru
Qazlal
Ru
Sif Muna
Trog
Uskayaw
Vehumet
Wu Jian
Xom
Yredelemnul
Jiyva

Shops:
D:4 =   D:5 ?(?   D:10 :   Orc:2 !*[(   Elf:1 ?(*   Elf:2 ?   Lair:1 (
Lair:4 [   Shoals:1 [(=!:   Snake:3 (   Snake:4 =   Vaults:1 *!*   Vaults:2 (
Depths:1 [=[[[   Depths:2 :(   Depths:4 [!*

Portals:
Hell: Lair:5 Depths:1 Depths:2 Depths:3 Depths:4
Abyss: Depths:3 Depths:4
Pandemonium: Depths:1 Depths:2 Depths:3
Ziggurat: Depths:4

Annotations:
Snake:2 2 transporters, nocore's ghost, journeyman AtWr
Zot:3 1 transporter


Innate Abilities, Weirdness & Mutations

You have hooves in place of feet.
You are completely covered in icy blue scales. (AC +4, rC+)
You frequently emit foul miasma when damaged in melee.
A meltable icy envelope protects you from harm. (AC +8)
A meltable shield of frost defends you. (SH +4)
Your presence sometimes corrodes or deforms those you injure.
You can speak a Word of Chaos.
You are dopey. (Int -2)
You passively map a small area around you.
You have great hidden genetic potential.
You occasionally lose the ability to drink potions when taking damage.


Message History

Unknown command.
Aiming: Corrosive Bolt
Press: ? - help, Q - select action, (/) - cycle Shift-Dir - straight line, f/p - iron golem
Aim: an iron golem (lightly damaged, covered in acid, 91% to hit)
The bolt of acid hits the iron golem!
The iron golem seems to be corroded for longer.
The iron golem is lightly damaged.
You feel yourself slow down.
You barely miss the iron golem.
You kick the iron golem, but do no damage.
The iron golem is lightly damaged.
Unknown command.
You bludgeon the iron golem!! You kick the iron golem!
The iron golem is moderately damaged.
The iron golem hits you but does no damage.
The iron golem hits you!
* * * LOW HITPOINT WARNING * * *
You emit a cloud of foul miasma!
You block the iron golem's attack. x2
You riposte.
You completely miss the iron golem. Your kick misses the iron golem.
The iron golem is moderately damaged.
You perforate the iron golem like a sieve!!!
You kick the iron golem, but do no damage.
The iron golem is heavily damaged.
You block the iron golem's attack. The iron golem hits you!
* * * LOW HITPOINT WARNING * * *
Unknown command.
You flatten the iron golem like a pancake!!!
You kick the iron golem, but do no damage.
The iron golem is heavily damaged.
You block the iron golem's attack. x2
Unknown command.
You sock the iron golem!
You kick the iron golem, but do no damage.
The iron golem is heavily damaged.
The iron golem hits you!!
* * * LOW HITPOINT WARNING * * *
The iron golem hits you!!
You die...
Your body crumbles into a pile of gold.

*
#################
,
#.......#.......#
#.......#@......#
,
+......)'9.$....#
+#..^....#'###...#
,
#.......+..,#$$.#
,, #.......#9.
#...#
,+.......#...'...#
*
*#..^....#...#...#
,
#.......#...#...#
*, +..$....#
.#...#


You could see 2 iron golems.

Vanquished Creatures
  the Royal Jelly (Slime:5)
  Ereshkigal (Tar:7)
  4 dread liches
  2 orbs of fire
  Tiamat (Zot:2)
  Mennas (Depths:4)
  A juggernaut (Depths:4)
  Vv (Zot:1)
  Bai Suzhen (Shoals:3)
  Vashnia (Snake:4)
  Saint Roka (Snake:1)
  Margery (Crypt:3)
  13 caustic shrikes
  Geryon (Hell)
  10 golden dragons
  Nikola (Snake:1)
  5 profane servitors
  22 bone dragons
  A mutant beast (WizLab)
  Norris (Elf:3)
  8 doom hounds
  An electric golem (Zot:2)
  18 Tzitzimimeh
  2 iron giants (Dis:5)
  Rupert (D:15)
  2 spectral shard shrikes
  Jorgrun (Snake:1)
  4 Hell Sentinels
  13 tainted leviathans
  A walking earthen tome (Depths:3)
  A walking crystal tome (Depths:3)
  17 tentacled monstrosities
  5 liches
  2 deep elf master archers (Elf:3)
  2 deep elf blademasters (Elf:3)
  4 titans
  2 krakens
  5 quicksilver dragons
  24 acid blobs
  6 sphinxes
  A searing wretch (Crypt:3)
  5 death cobs
  Kirke (Lair:3)
  6 ancient champions
  13 storm dragons
  9 shadow dragons
  5 tengu reavers
  3 revenants
  Aizul (Elf:3)
  4 nagarajas (Snake:4)
  Donald (Snake:1)
  10 rockslimes
  6 draconian knights
  5 draconian shifters
  3 quicksilver elementals
  5 balrugs
  8 fire giants
  13 azure jellies
  11 frost giants
  2 fenstrider witches (Depths:3)
  5 deep elf sorcerers
  4 draconian monks
  2 iron dragons
  An orc warlord (Vaults:3)
  23 vault wardens
  3 draconian stormcallers
  A protean progenitor (Zot:2)
  3 curse skulls
  A spectral juggernaut (Tar:2)
  5 draconian scorchers
  2 spectral caustic shrikes
  7 deep elf elementalists
  20 ironbound preservers
  2 cacodemons (Depths:1)
  4 draconian annihilators
  6 reapers
  17 stone giants
  12 quicksilver oozes
  A spriggan defender (Depths:1)
  7 formless jellyfish
  2 caustic shrike skeletons
  37 very ugly things
  9 deep elf demonologists
  6 vampire knights
  4 demonspawn black suns (Zot:1)
  11 ironbound thunderhulks
  6 green draconians
  9 deep elf death magi
  14 putrid mouths
  4 black draconians
  A minotaur (Shoals:4)
  14 dire elephants
  A lorocyproca (Hell)
  9 war gargoyles
  6 red draconians
  10 deep elf annihilators
  10 purple draconians
  A bunyip (shapeshifter) (WizLab)
  9 yellow draconians
  2 white draconians (Zot:2)
  4 blizzard demons
  A spectral quicksilver dragon (Tar:1)
  11 eidola
  6 jiangshi
  13 ettins
  6 spark wasps
  4 merfolk javelineers
  A quicksilver dragon zombie (D:15)
  2 crystal guardians (Vaults:4)
  2 merfolk impalers (Shoals:3)
  8 fire dragons
  Josephine (Lair:4)
  7 yaktaur captains
  A spectral kraken (Shoals:1)
  4 entropy weavers
  2 spectral iron giants
  2 green deaths (Depths:1)
  9 great orbs of eyes
  10 ice dragons
  4 spectral spriggans
  6 deep elf high priests
  3 salamander tyrants
  8 ghost crabs
  4 peacekeepers
  7 hydras
  5 rakshasas
  A quicksilver dragon skeleton (Crypt:2)
  35 vault guards
  A caustic shrike simulacrum (Crypt:2)
  A hell beast (Depths:2)
  4 spriggan air magi
  Erolcha (Orc:2)
  9 ogre magi
  2 catoblepae (D:13)
  2 merfolk avatars
  A kraken zombie (Hell)
  2 spriggan skeletons (Crypt:3)
  4 radroaches (WizLab)
  2 merfolk aquamancers
  3 boulder beetles
  5 alligator snapping turtles
  10 centaur warriors
  2 two-headed ogres (shapeshifter)
  14 ironbound frosthearts
  14 satyrs
  30 dancing weapons
  12 anacondas
  21 two-headed ogres
  7 deep troll shamans
  8 deep troll earth magi
  3 death knights
  A spectral stone giant (Tar:3)
  A sphinx skeleton (Depths:2)
  8 tengu warriors
  12 death yaks
  22 naga warriors
  4 occultists
  9 vampire magi
  21 naga sharpshooters
  4 spriggan berserkers
  A spectral dire elephant (Tar:2)
  14 hell knights
  A titan zombie (Crypt:2)
  11 shock serpents
  Sonja (Lair:4)
  A spectral storm dragon (Tar:2)
  15 deep elf knights
  3 spectral nagas (Tar:1)
  10 sun demons
  11 soul eaters
  19 shadow wraiths
  2 sixfirhies
  3 skysharks (shapeshifter) (WizLab)
  18 skeletal warriors
  11 skysharks
  A goliath frog (shapeshifter) (WizLab)
  6 salamander mystics
  A goliath frog (Lair:3)
  13 iron trolls
  10 sea snakes
  A sea snake (shapeshifter) (WizLab)
  2 anaconda zombies (Hell)
  10 large abominations
  2 spectral anacondas (Tar:1)
  3 shadow demons (Hell)
  10 mana vipers
  2 mana vipers (shapeshifter) (WizLab)
  An obsidian statue (Depths:1)
  7 glowing orange brains
  8 deep elf archers
  A spriggan simulacrum (Depths:1)
  57 deep trolls
  A storm dragon skeleton (D:15)
  A deep troll (shapeshifter) (WizLab)
  15 flayed ghosts
  2 swamp dragons (shapeshifter) (WizLab)
  2 spectral hydras
  10 arcanists
  7 spriggan druids (Depths:3)
  3 orc knights
  9 naga ritualists
  20 harpies
  75 slime creatures
  21 ironbound convokers
  A spectral iron dragon (Tar:7)
  7 lindwurms
  2 anaconda skeletons
  A wolf spider zombie (Crypt:1)
  2 orb spiders (shapeshifter)
  A bunyip skeleton (Crypt:2)
  A harpy (shapeshifter) (WizLab)
  21 phantasmal warriors
  8 necromancers
  An orc sorcerer (Elf:2)
  35 deep elf pyromancers
  A golden dragon skeleton (Depths:2)
  17 deep elf zephyrmancers
  2 iron giant skeletons
  51 ugly things
  A stone giant zombie (Depths:1)
  A frost giant zombie (Depths:2)
  An oklob plant (Lair:3)
  A shining eye (shapeshifter) (WizLab)
  3 spectral ettins
  19 salamanders
  3 shining eyes
  15 cyclopes
  15 fauns
  12 moths of wrath
  18 manticores
  A moth of wrath (shapeshifter) (Depths:1)
  A salamander (shapeshifter) (WizLab)
  2 spectral centaurs (Tar:1)
  2 fauns (shapeshifter) (WizLab)
  21 vault sentinels
  15 elephants
  3 kobold blastminers (Orc:2)
  3 meliai (D:14)
  A water nymph (shapeshifter) (WizLab)
  A shock serpent zombie (Crypt:2)
  A dire elephant zombie (Crypt:2)
  A spectral alligator snapping turtle (Tar:2)
  4 merfolk sirens
  7 guardian serpents
  A naga zombie (Crypt:2)
  16 naga magi
  43 black mambas
  2 centaur skeletons
  3 smoke demons (Depths:1)
  A mana viper zombie (Crypt:2)
  6 water nymphs
  A torpor snail (shapeshifter) (WizLab)
  2 ice statues (Hell)
  A molten gargoyle (Depths:4)
  A spectral sea snake (Shoals:1)
  3 orange demons
  A torpor snail (Lair:5)
  3 eyes of devastation
  A titan simulacrum (Depths:1)
  5 gargoyles
  11 unseen horrors
  7 hellions
  14 cane toads
  11 freezing wraiths
  2 dryads (Depths:3)
  37 yaktaurs
  A yaktaur (shapeshifter) (Elf:2)
  5 kobold demonologists
  10 rime drakes
  An efreet (D:13)
  9 komodo dragons
  A komodo dragon (shapeshifter) (D:15)
  3 ice devils
  5 spectral harpies
  A yellow draconian skeleton (Crypt:2)
  4 tormentors
  2 tengu conjurers (Vaults:1)
  A spectral water nymph (Shoals:1)
  4 trolls
  6 silent spectres
  A red devil (Lair:5)
  A hellwing (Lair:5)
  A guardian mummy (Crypt:3)
  An unseen horror skeleton (Crypt:1)
  A merfolk (shapeshifter) (WizLab)
  6 wind drakes
  21 merfolk
  3 polar bears
  3 hornets
  2 hydra zombies (Hell)
  12 blink frogs (Lair:5)
  A harpy skeleton (Crypt:3)
  A spectral manticore (Shoals:1)
  2 hydra skeletons
  8 glass eyes
  A radroach zombie (Crypt:1)
  8 snapping turtles
  A stone giant simulacrum (Depths:1)
  An alligator simulacrum (Hell)
  7 dream sheep (Lair:5)
  4 spectral merfolk (Shoals:1)
  A slime creature (shapeshifter) (WizLab)
  A frost giant simulacrum (Depths:2)
  2 spriggans (Depths:3)
  6 air elementals (Elf:1)
  An ettin skeleton (Depths:1)
  3 water elementals
  3 vampires
  7 shadows
  A satyr skeleton (Crypt:1)
  11 wyverns
  10 small abominations
  11 wraiths
  A yak (shapeshifter) (WizLab)
  2 ynoxinuls (Depths:1)
  An ushabti (Crypt:3)
  41 yaks
  4 fire dragon skeletons (Crypt:3)
  7 basilisks
  A fire elemental (Elf:1)
  A hog (shapeshifter) (WizLab)
  A basilisk (shapeshifter) (WizLab)
  2 hogs (Lair:3)
  4 golden eyes (Slime:3)
  2 steam dragons
  A human (WizLab)
  A neqoxec (Depths:1)
  A wind drake skeleton (Crypt:2)
  3 redbacks
  3 redbacks (shapeshifter) (WizLab)
  A vampire mosquito (D:13)
  4 iron golems
  5 chaos spawn
  41 nagas
  2 acid dragons
  17 water moccasins
  5 hell hounds (Lair:5)
  A hydra simulacrum (Hell)
  A swamp drake (D:8)
  23 orc warriors
  An entropy weaver zombie (Crypt:2)
  A sky beast (D:7)
  A black bear (D:5)
  A two-headed ogre skeleton (Crypt:3)
  A black bear (shapeshifter) (WizLab)
  2 ice beasts
  20 ogres
  10 laughing skulls
  18 wolves
  A boggart (Vaults:4)
  8 centaurs
  A rime drake zombie (Crypt:1)
  3 phantoms
  9 kobold brigands
  A hog skeleton (Crypt:2)
  13 bullfrogs
  4 scorpions
  A gnoll sergeant (D:11)
  2 earth elementals
  A salamander skeleton (Crypt:2)
  7 wights
  A yak zombie (Crypt:1)
  16 killer bees
  8 howler monkeys
  A wolf zombie (Crypt:1)
  An electric eel (Lair:1)
  4 jellies
  17 orc priests
  A bombardier beetle (D:5)
  4 hounds
  A sleepcap (D:8)
  Crazy Yiuf (D:2)
  A bullfrog skeleton (Crypt:2)
  6 iguanas
  12 orc wizards
  A scorpion zombie (Crypt:2)
  19 hell rats
  A brain worm zombie (Crypt:2)
  A deep dwarf skeleton (Crypt:1)
  10 mummies (Crypt:3)
  13 gnolls
  10 adders
  2 white imps
  An adder zombie (Crypt:1)
  3 dart slugs
  63 orcs
  10 endoplasms
  4 giant cockroaches
  11 goblins
  12 hobgoblins
  3 jackals (D:4)
  2 quokkas
  11 ball pythons
  3 bats (D:2)
  2 frilled lizards
  42 kobolds
  9 rats
  An aspiring flesh (Zot:2)
  7 tentacles
2689 creatures vanquished.

Vanquished Creatures (collateral kills)
  Agnes (Elf:1)
  An ironbound thunderhulk (Vaults:3)
  2 putrid mouths (Tar:7)
  A war gargoyle (Crypt:3)
  A crystal guardian (Vaults:2)
  A two-headed ogre (Orc:2)
  2 naga sharpshooters (Snake:4)
  A hell knight (Crypt:3)
  2 deep trolls (Vaults:2)
  A lindwurm (Vaults:2)
  A deep elf zephyrmancer (Elf:1)
  A deep elf pyromancer (Bailey)
  A black mamba (Snake:3)
  3 yaks
  2 wyverns (Lair:5)
  A basilisk (Lair:5)
  An ogre (Orc:2)
  3 hell rats (Lair:5)
  2 orcs (Orc:2)
28 creatures vanquished.

Vanquished Creatures (others)
  A naga warrior (Snake:1)
  An occultist (Depths:1)
  2 deep elf knights
  A manticore (Shoals:4)
  A black mamba (Snake:4)
  A shadow (Crypt:3)
  2 humans
  A naga (Snake:3)
  17 tentacles
27 creatures vanquished.

Grand Total: 2744 creatures vanquished

Notes
Turn   | Place    | Note
-------+----------+-------------------------------------------
     0 | D:1      | olmar the Demonspawn Gladiator began the quest for the Orb.
     0 | D:1      | Reached XP level 1. HP: 16/16 MP: 1/1
   165 | D:1      | Gained mutation: You have large cloven feet. [demonic
                  | ancestry]
   165 | D:1      | Reached XP level 2. HP: 17/22 MP: 2/2
   502 | D:1      | Gained mutation: You are covered in fur. (AC +1) [potion of
                  | mutation]
   502 | D:1      | Gained mutation: You are agile. (Dex +4, Str/Int -1)
                  | [potion of mutation]
   502 | D:1      | Gained mutation: Your skin changes colour to match your
                  | surroundings (Stealth+). [potion of mutation]
   730 | D:2      | Gained mutation: You have hoof-like feet. [demonic
                  | ancestry]
   730 | D:2      | Reached XP level 3. HP: 27/27 MP: 3/3
  1074 | D:2      | Reached skill level 1 in Armour
  1074 | D:2      | Reached XP level 4. HP: 34/34 MP: 4/4
  1112 | D:2      | Found a runed translucent door.
  1113 | D:2      | Noticed Crazy Yiuf
  1829 | D:3      | Gained mutation: You have hooves in place of feet. [demonic
                  | ancestry]
  1829 | D:3      | Reached XP level 5. HP: 39/39 MP: 5/5
  1903 | D:3      | Found an ornate altar of the Wu Jian Council.
  1922 | D:3      | Reached skill level 1 in Stealth
  1993 | D:3      | Found a faded altar of an unknown god.
  2586 | D:4      | Identified the +6 scale mail "Segank" {Fly Will++ Dex+6}
  2599 | D:4      | Found Mofump's Jewellery Boutique.
  2667 | D:4      | Reached XP level 6. HP: 46/46 MP: 6/6
  2968 | D:4      | Found an ancient bone altar of Kikubaaqudgha.
  3096 | D:5      | Entered Level 5 of the Dungeon
  3096 | D:5      | Found Niatsorgh's Magic Scroll Emporium.
  3096 | D:5      | Found Esiodghai's Weapon Emporium.
  3096 | D:5      | Found Vyn Upn's Magic Scroll Emporium.
  3098 | D:5      | Bought a scroll of amnesia for 44 gold pieces
  3098 | D:5      | Bought a scroll of poison for 44 gold pieces
  3098 | D:5      | Bought a scroll of noise for 11 gold pieces
  3098 | D:5      | Bought a scroll of teleportation for 33 gold pieces
  3098 | D:5      | Bought a scroll of identify for 22 gold pieces
  3192 | D:5      | Reached skill level 5 in Maces & Flails
  3316 | D:5      | Gained mutation: You may rarely emit foul miasma when
                  | damaged in melee. [demonic ancestry]
  3316 | D:5      | Reached XP level 7. HP: 42/52 MP: 7/7
  3755 | D:5      | Found a shimmering altar of Xom.
  3842 | D:5      | Found a staircase to the Ecumenical Temple.
  4163 | Temple   | Entered the Ecumenical Temple
  4206 | D:6      | Noticed a steam dragon
  4210 | D:6      | Gained mutation: You are partially covered in icy blue
                  | scales. (AC +2) [demonic ancestry]
  4210 | D:6      | Reached XP level 8. HP: 54/58 MP: 8/8
  5183 | D:7      | Gained mutation: You are mostly covered in icy blue scales.
                  | (AC +3) [demonic ancestry]
  5183 | D:7      | Reached XP level 9. HP: 65/65 MP: 9/9
  6202 | D:7      | Found an opulent altar of Gozag.
  6327 | D:7      | Became a worshipper of Gozag Ym Sagoz the Greedy
  6406 | D:7      | Reached skill level 5 in Fighting
  6763 | D:8      | Reached skill level 1 in Evocations
  6828 | D:8      | Reached skill level 5 in Armour
  7422 | D:8      | Reached skill level 5 in Stealth
  7424 | D:8      | Reached XP level 10. HP: 74/74 MP: 10/10
  7435 | D:8      | Found a staircase to the Lair.
  7656 | D:9      | Reached skill level 10 in Maces & Flails
  7878 | D:9      | Found a burning altar of Makhleb.
  7949 | D:9      | Found an iron altar of Okawaru.
  8577 | D:9      | Found a sparkling altar of Nemelex Xobeh.
  8760 | D:10     | Entered Level 10 of the Dungeon
  8897 | D:10     | Found a flagged portal.
  8920 | Bailey   | Entered a bailey
  9107 | Bailey   | Noticed an orc knight
  9135 | Bailey   | Killed an orc knight
  9200 | Bailey   | Gained mutation: You are completely covered in icy blue
                  | scales. (AC +4, rC+) [demonic ancestry]
  9200 | Bailey   | Reached XP level 11. HP: 31/81 MP: 11/11
  9541 | Bailey   | Found a large runed translucent door.
  9541 | Bailey   | Found a large runed translucent door.
  9542 | Bailey   | Noticed a deep elf pyromancer
  9573 | Bailey   | Found the +0 pair of fencer's gloves {Riposte Dex+3}
  9673 | Bailey   | Killed a deep elf pyromancer
  9692 | Bailey   | Identified the +11 long sword of Dividends {holy, ^Contam
                  | *Slow rC+ Will+ Int+2}
 10161 | D:10     | Found Xifour's Book Shop.
 10355 | D:10     | Found a basalt altar of Yredelemnul.
 10416 | D:10     | Found a blossoming altar of Fedhas.
 10881 | Lair:1   | Entered Level 1 of the Lair of Beasts
 12640 | D:11     | Found a staircase to the Orcish Mines.
 13242 | D:11     | Noticed a centaur warrior
 13358 | D:11     | Killed a centaur warrior
 13488 | Orc:1    | Entered Level 1 of the Orcish Mines
 13496 | Orc:1    | Gained mutation: A meltable shield of frost defends you.
                  | (SH +4) [demonic ancestry]
 13496 | Orc:1    | Reached XP level 12. HP: 93/93 MP: 12/12
 14094 | Orc:2    | Entered Level 2 of the Orcish Mines
 14129 | Orc:2    | Noticed a two-headed ogre
 14138 | Orc:2    | Killed a two-headed ogre
 14321 | Orc:2    | Found a bloodstained altar of Trog.
 14351 | Orc:2    | Found a staircase to the Elven Halls.
 14442 | Orc:2    | Noticed a two-headed ogre
 14446 | Orc:2    | Killed a two-headed ogre
 14468 | Orc:2    | Noticed a two-headed ogre
 14476 | Orc:2    | Killed a two-headed ogre
 14495 | Orc:2    | Noticed an ogre mage
 14501 | Orc:2    | Killed an ogre mage
 14502 | Orc:2    | Reached skill level 1 in Shields
 14550 | Orc:2    | Noticed a two-headed ogre
 14567 | Orc:2    | Killed a two-headed ogre
 14580 | Orc:2    | Noticed a two-headed ogre
 14584 | Orc:2    | Noticed an ogre mage
 14595 | Orc:2    | Killed a two-headed ogre
 14627 | Orc:2    | Killed an ogre mage
 14658 | Orc:2    | Noticed a two-headed ogre
 14669 | Orc:2    | Killed a two-headed ogre
 14691 | Orc:2    | Noticed a two-headed ogre
 14704 | Orc:2    | Killed a two-headed ogre
 14772 | Orc:2    | Noticed a two-headed ogre
 14784 | Orc:2    | Killed a two-headed ogre
 14800 | Orc:2    | Noticed an ogre mage
 14817 | Orc:2    | Noticed a two-headed ogre
 14832 | Orc:2    | Killed a two-headed ogre
 14833 | Orc:2    | Killed an ogre mage
 14844 | Orc:2    | Noticed a two-headed ogre
 14857 | Orc:2    | Killed a two-headed ogre
 14917 | Orc:2    | Noticed a two-headed ogre
 14919 | Orc:2    | Noticed Erolcha
 15226 | Lair:1   | Bought the +9 eveningstar of Blood {antimagic, Fly rN++}
                  | for 1493 gold pieces
 15458 | Orc:2    | Killed a two-headed ogre
 15462 | Orc:2    | Gained mutation: A meltable icy envelope protects you from
                  | harm. (AC +8) [demonic ancestry]
 15462 | Orc:2    | Reached XP level 13. HP: 42/102 MP: 4/13
 15566 | Orc:2    | Killed Erolcha
 15811 | Orc:2    | Reached skill level 10 in Fighting
 16308 | Orc:2    | Found Sux Runi's Distillery.
 16308 | Orc:2    | Found Nusacagu's Antique Armour Boutique.
 16308 | Orc:2    | Found Xuladu's General Store.
 16308 | Orc:2    | Found Immeej's Weapon Emporium.
 16315 | Orc:2    | Bought a potion of berserk rage for 85 gold pieces
 16315 | Orc:2    | Bought a potion of heal wounds for 85 gold pieces
 16315 | Orc:2    | Bought a potion of heal wounds for 85 gold pieces
 16315 | Orc:2    | Bought a potion of heal wounds for 85 gold pieces
 16315 | Orc:2    | Bought a potion of curing for 51 gold pieces
 16315 | Orc:2    | Bought a potion of mutation for 136 gold pieces
 16315 | Orc:2    | Bought a potion of curing for 51 gold pieces
 16318 | Orc:2    | Bought a potion of heal wounds for 65 gold pieces
 16873 | Lair:2   | Found a burning altar of Makhleb.
 16882 | Lair:2   | Reached skill level 15 in Maces & Flails
 17075 | Lair:2   | Found a staircase to the Snake Pit.
 17695 | Lair:3   | Noticed Kirke
 17713 | Lair:3   | Killed Kirke
 18199 | Lair:3   | Found a staircase to the Shoals.
 18310 | Lair:3   | Reached XP level 14. HP: 113/113 MP: 4/14
 19029 | Lair:4   | Noticed Sonja
 19249 | D:4      | Bought an amulet of reflection for 390 gold pieces
 19962 | D:12     | Identified the amulet of Widex {Acrobat Will+}
 20182 | D:12     | You are sucked into a shaft and drop 1 floor!
 20264 | D:13     | Found a gate to the Vaults.
 20898 | Lair:4   | Killed Sonja
 21141 | Lair:4   | Reached skill level 10 in Armour
 21467 | Lair:4   | Noticed Josephine
 21476 | Lair:4   | Killed Josephine
 21740 | Lair:4   | Found a staircase to the Slime Pits.
 21742 | Lair:4   | Found a viscous altar of Jiyva.
 21860 | Lair:5   | Entered Level 5 of the Lair of Beasts
 21863 | Lair:5   | Identified 2 scrolls of acquirement
 21919 | Lair:5   | Acquired the +3 Mad Mage's Maulers {Infuse+∞ VampMP -Cast}
 21919 | Lair:5   | Found the +3 Mad Mage's Maulers {Infuse+∞ VampMP -Cast}
 21921 | Lair:5   | Acquired the ring of Afiredy {+Blink rPois Str+2 Int+2
                  | Slay+4}
 22484 | Lair:5   | Identified the +2 ring mail of the Slightly Bent {Fly Str+4
                  | Int+6}
 22583 | Lair:5   | Gained mutation: A meltable icy envelope protects you from
                  | harm. (AC +8) [demonic ancestry]
 22583 | Lair:5   | Reached XP level 15. HP: 119/123 MP: 5/15
 22696 | Lair:5   | Found a burning altar of Makhleb.
 22754 | Lair:5   | Found a gateway to Hell.
 24404 | D:13     | Reached skill level 5 in Shields
 25976 | D:14     | Found a hazy altar of Hepliaklqana.
 26234 | D:15     | Entered Level 15 of the Dungeon
 26252 | D:15     | Found a flickering gateway to a bazaar.
 26256 | Bazaar   | Entered a bazaar
 26256 | Bazaar   | Found Deops's General Store.
 26263 | Bazaar   | Found Foost's Book Boutique.
 26283 | Bazaar   | Found Ucangurch's Magic Scroll Emporium.
 26291 | Bazaar   | Bought a scroll of poison for 56 gold pieces
 26291 | Bazaar   | Bought a scroll of enchant armour for 105 gold pieces
 26291 | Bazaar   | Bought a scroll of poison for 56 gold pieces
 26291 | Bazaar   | Bought a scroll of identify for 28 gold pieces
 26294 | Bazaar   | Found Calusiy's Antique Armour Shop.
 26302 | Bazaar   | Found Velil's Antique Weapon Shop.
 26321 | Bazaar   | Bought a scroll of fear for 48 gold pieces
 26321 | Bazaar   | Bought a wand of iceblast (7) for 201 gold pieces
 26321 | Bazaar   | Bought a potion of cancellation for 96 gold pieces
 26451 | D:15     | Found a staircase to the Depths.
 26471 | D:15     | Reached XP level 16. HP: 84/134 MP: 5/16
 26743 | D:15     | Noticed Rupert
 26750 | D:15     | Killed Rupert
 27195 | Elf:1    | Entered Level 1 of the Elven Halls
 27200 | Elf:1    | Paralysed by an air elemental for 1 turns
 27205 | Elf:1    | Paralysed by an air elemental for 1 turns
 27430 | Elf:1    | Noticed Agnes
 27430 | Elf:1    | Paralysed by an air elemental for 1 turns
 27435 | Elf:1    | Paralysed by an air elemental for 1 turns
 27437 | Elf:1    | Killed Agnes
 27644 | Elf:1    | Found Lizxucw's Distillery.
 27644 | Elf:1    | Found Meiqia's Weapon Emporium.
 27646 | Elf:1    | Found Ympitain's Magic Scroll Emporium.
 27651 | Elf:1    | Bought a scroll of fog for 52 gold pieces
 27651 | Elf:1    | Bought 2 scrolls of teleportation for 78 gold pieces
 27651 | Elf:1    | Found Ewep's Assorted Antiques.
 27657 | Elf:1    | Bought a potion of heal wounds for 180 gold pieces
 27657 | Elf:1    | Bought a potion of heal wounds for 180 gold pieces
 27667 | Elf:1    | Bought a potion of experience for 550 gold pieces
 27667 | Elf:1    | Bought a potion of enlightenment for 55 gold pieces
 27667 | Elf:1    | Bought a potion of invisibility for 88 gold pieces
 27667 | Elf:1    | Bought a potion of curing for 33 gold pieces
 27667 | Elf:1    | Bought 2 potions of heal wounds for 110 gold pieces
 27667 | Elf:1    | Reached skill level 15 in Fighting
 27667 | Elf:1    | Reached XP level 17. HP: 142/142 MP: 5/17
 29380 | Elf:2    | Found Vottal's Magic Scroll Shop.
 29384 | Elf:2    | Bought 3 scrolls of blinking for 382 gold pieces
 29649 | Elf:2    | Found a huge runed translucent gate.
 29649 | Elf:2    | Found a huge runed translucent gate.
 29649 | Elf:2    | Found a huge runed translucent gate.
 29649 | Elf:2    | Found a huge runed translucent gate.
 29649 | Elf:2    | Found a huge runed translucent gate.
 29948 | Elf:3    | Entered Level 3 of the Elven Halls
 30166 | Elf:3    | Noticed Norris
 30479 | Elf:3    | Killed Norris
 30915 | Elf:3    | Identified the serpent talisman "Urir" {Fly}
 30915 | Elf:3    | Noticed Aizul
 30923 | Elf:3    | Killed Aizul
 31793 | Snake:1  | Entered Level 1 of the Snake Pit
 32273 | Snake:1  | Noticed Donald
 32281 | Snake:1  | Killed Donald
 32349 | Snake:1  | Reached XP level 18. HP: 151/151 MP: 6/18
 32566 | Snake:1  | Noticed Nikola
 32579 | Snake:1  | Killed Nikola
 32771 | Snake:1  | Noticed Jorgrun
 32781 | Snake:1  | Killed Jorgrun
 33159 | Snake:1  | Found the ring of the Tortoise {AC+8}
 34059 | Snake:2  | Noticed nocore's ghost (journeyman AtWr)
 34061 | Snake:2  | Found a bloodstained altar of Trog.
 34068 | Snake:2  | Found a transporter.
 34070 | Snake:2  | Found a transporter.
 34476 | Snake:2  | Noticed Saint Roka
 34516 | Snake:1  | Killed Saint Roka
 34517 | Snake:1  | Reached skill level 10 in Shields
 35140 | Snake:3  | Found Cuacevoe's Weapon Shoppe.
 36237 | Snake:4  | Entered Level 4 of the Snake Pit
 36320 | Snake:4  | Noticed Vashnia
 37141 | Snake:4  | Killed Vashnia
 37356 | Snake:4  | Reached XP level 19. HP: 123/161 MP: 6/19
 37650 | Snake:4  | Identified the +2 ring mail "Xorumnung" {rC+ Str-2 Dex+5
                  | SInv}
 38214 | Snake:4  | Found Otyapeon's Jewellery Emporium.
 39022 | Snake:4  | Got a serpentine rune of Zot
 39237 | Shoals:1 | Entered Level 1 of the Shoals
 39237 | Shoals:1 | Found Peptesou's Jewellery Emporium.
 39447 | Shoals:1 | Found Nutoass's Armour Shop.
 39585 | Shoals:1 | Found Garebok's Distillery.
 39595 | Shoals:1 | Bought a potion of might for 68 gold pieces
 39595 | Shoals:1 | Bought a potion of lignification for 51 gold pieces
 39595 | Shoals:1 | Bought a potion of curing for 51 gold pieces
 39595 | Shoals:1 | Bought a potion of heal wounds for 85 gold pieces
 39660 | Shoals:1 | Found Huothi's Book Shoppe.
 39860 | Shoals:1 | Found Ysuifrol's Weapon Emporium.
 41352 | Shoals:3 | Noticed Bai Suzhen
 41921 | Depths:1 | Entered Level 1 of the Depths
 41964 | Depths:1 | Found a one-way gate leading to the halls of Pandemonium.
 42497 | Depths:1 | Reached XP level 20. HP: 106/172 MP: 6/20
 42693 | Depths:1 | Gained mutation: You occasionally lose the ability to read
                  | scrolls when taking damage. [a cacodemon]
 42721 | Depths:1 | Gained mutation: Your body sometimes deteriorates upon
                  | taking damage. [a cacodemon]
 44277 | Depths:1 | Found a portal to a secret trove of treasure.
 44714 | Shoals:3 | Killed Bai Suzhen
 45700 | Shoals:4 | Entered Level 4 of the Shoals
 45908 | Shoals:4 | Identified the +1 pair of gloves of Disguise {rElec rF+
                  | Int+2 Dex-2}
 46627 | Shoals:4 | Got a barnacled rune of Zot
 46810 | Shoals:4 | Reached XP level 21. HP: 137/182 MP: 7/21
 47200 | Lair:4   | Bought the +8 orange crystal plate armour {Archmagi, Int+3
                  | Clar} for 4335 gold pieces
 47200 | Lair:4   | Found the +8 orange crystal plate armour {Archmagi, Int+3
                  | Clar}
 47568 | D:2      | Killed Crazy Yiuf
 49268 | Elf:3    | Reached skill level 15 in Shields
 49748 | Elf:3    | Identified the +8 sling "Qigakki" {antimagic, rPois Str+2
                  | Stlth+}
 49753 | Elf:3    | Identified the staff of Hecseecu {rElec rF+ rCorr Fire}
 49756 | Elf:3    | Identified the staff "Extiuxum" {rCorr Int+6 Earth}
 51319 | Elf:3    | Identified the +0 cloak "Sumong" {+Inv rPois Str+3 Dex+4}
 51323 | Elf:3    | Got the Book of Dust
 51407 | Elf:3    | Got Zemog's Witchcraft, and How To Use It
 51682 | Vaults:1 | Entered Level 1 of the Vaults
 52197 | Vaults:1 | You are sucked into a shaft and drop 1 floor!
 52509 | Vaults:2 | Found Ocodgh's Antique Weapon Boutique.
 52675 | Vaults:2 | Found a staircase to the Crypt.
 52869 | Vaults:2 | Identified the +4 dagger of Pusae {heavy, Dex+4}
 53528 | Vaults:2 | Gained mutation: You sometimes emit foul miasma when
                  | damaged in melee. [demonic ancestry]
 53528 | Vaults:2 | Reached XP level 22. HP: 185/194 MP: 7/22
 55988 | Vaults:4 | Found a magical portal.
 55997 | WizLab   | Entered Cigotuvi's Fleshworks
 56174 | WizLab   | Gained mutation: Your magical capacity is low. (-10% MP) [a
                  | shining eye]
 56177 | WizLab   | Gained mutation: Your body often deteriorates upon taking
                  | damage. [a shining eye]
 56291 | WizLab   | Found the +4 Cigotuvi's embrace {Corpsefed rMiasma ^Drain
                  | rN+}
 56733 | WizLab   | Identified the serpent talisman of the Ladybird {Dex+3}
 56735 | WizLab   | Got Cigotuvi's Octavo of Deathly Toxicity
 57605 | Vaults:4 | Paralysed by a formless jellyfish for 1 turns
 57874 | Vaults:4 | Gained mutation: Your presence sometimes corrodes those you
                  | injure. [demonic ancestry]
 57874 | Vaults:4 | Reached XP level 23. HP: 195/203 MP: 6/20
 59055 | Depths:2 | Found Ympi's Weapon Shop.
 59189 | Depths:2 | Found the +7 Spriggan's Knife {stab, EV+4 Stlth+}
 59326 | Depths:2 | Found Niekosy's Book Shop.
 59866 | Depths:2 | Found a runed door.
 61325 | Depths:3 | Reached skill level 15 in Armour
 61871 | Depths:3 | Found a sparkling altar of Nemelex Xobeh.
 62219 | Depths:3 | Found a one-way gate to the infinite horrors of the Abyss.
 62414 | Depths:4 | Entered Level 4 of the Depths
 62417 | Depths:4 | Bought a potion of might for 52 gold pieces
 62417 | Depths:4 | Bought a potion of heal wounds for 65 gold pieces
 62417 | Depths:4 | Bought a potion of curing for 39 gold pieces
 62417 | Depths:4 | Bought a potion of curing for 39 gold pieces
 62421 | Depths:4 | Bought a potion of heal wounds for 85 gold pieces
 62421 | Depths:4 | Bought a scroll of teleportation for 51 gold pieces
 62421 | Depths:4 | Bought a scroll of blinking for 127 gold pieces
 62526 | Depths:1 | You paid a toll of 12 scrolls of teleportation to enter a
                  | treasure trove
 62527 | Trove    | Entered a treasure trove
 62535 | Trove    | Identified the +11 eveningstar "Roddew" {venom, ^Fragile
                  | rPois Int+3 Stlth-}
 62545 | Trove    | Identified the +3 whip "Hyihu" {heavy, Will+ Str+4}
 62548 | Trove    | Identified the amulet "Tozaog" {Spirit rN+ Will+}
 62557 | Trove    | Identified the ring "Ycykk" {^Contam rF+ rC+ Int+6}
 62563 | Trove    | Identified the +0 chain mail of Miracles {rN+ Str+2}
 62979 | Slime:1  | Entered Level 1 of the Pits of Slime
 63156 | Slime:1  | Gained mutation: You are frail. (-10% HP) [a shining eye]
 64811 | Slime:4  | Paralysed by a formless jellyfish for 1 turns
 64876 | Slime:4  | Gained mutation: Your muscles are strong. (Str +4, Int/Dex
                  | -1) [a shining eye]
 65203 | Slime:5  | Entered Level 5 of the Pits of Slime
 65223 | Slime:5  | Gained mutation: Your presence sometimes corrodes or
                  | deforms those you injure. [demonic ancestry]
 65223 | Slime:5  | Reached XP level 24. HP: 180/192 MP: 19/20
 65456 | Slime:5  | Noticed the Royal Jelly
 65933 | Slime:5  | Killed the Royal Jelly
 65984 | Slime:5  | Identified the ring of Hikh {Wiz rCorr MP+9 Str+5 Dex-5}
 65989 | Slime:5  | Identified the +3 lajatang of Circularity {flame, rN+ Will+
                  | Dex-4 SInv}
 66013 | Slime:5  | Identified the ring of Autumn {Fly Int+4 Dex+3}
 66017 | Slime:5  | Got a slimy rune of Zot
 66045 | Slime:5  | Identified the ring of Ustroul {Wiz ^Drain rCorr Int+3}
 66062 | Slime:5  | Identified the +0 plate armour "Suon" {rN+}
 66066 | Slime:5  | Identified the +1 chain mail of Dowdy Contentment {Str+2}
 67229 | Vaults:1 | Bought a potion of haste for 270 gold pieces
 67229 | Vaults:1 | Bought a scroll of fog for 108 gold pieces
 67231 | Vaults:1 | Bought a potion of curing for 60 gold pieces
 67231 | Vaults:1 | Bought a potion of heal wounds for 100 gold pieces
 67231 | Vaults:1 | Bought a potion of haste for 200 gold pieces
 67231 | Vaults:1 | Bought a potion of curing for 60 gold pieces
 67231 | Vaults:1 | Bought a potion of curing for 60 gold pieces
 67231 | Vaults:1 | Bought a potion of mutation for 160 gold pieces
 67231 | Vaults:1 | Bought a potion of might for 80 gold pieces
 67232 | Vaults:1 | Lost mutation: Your magical capacity is low. (-10% MP)
                  | [potion of mutation]
 67232 | Vaults:1 | Lost mutation: You occasionally lose the ability to read
                  | scrolls when taking damage. [potion of mutation]
 67232 | Vaults:1 | Lost mutation: You are frail. (-10% HP) [potion of
                  | mutation]
 67232 | Vaults:1 | Gained mutation: You occasionally lose the ability to drink
                  | potions when taking damage. [potion of mutation]
 67232 | Vaults:1 | Gained mutation: Your flesh is heat resistant. (rF+)
                  | [potion of mutation]
 67642 | Vaults:1 | Found Zacysyic's Assorted Antiques.
 67650 | Vaults:1 | Bought a potion of curing for 78 gold pieces
 67650 | Vaults:1 | Bought a potion of invisibility for 208 gold pieces
 68115 | Vaults:1 | Found a radiant altar of Vehumet.
 68193 | Vaults:1 | Identified the +1 hat of Dinokump {*Slow rC+++ Will+}
 68224 | Vaults:1 | Identified the +4 robe "Nuwirin" {Will+ Regen+ Int-2}
 68406 | Vaults:5 | Entered Level 5 of the Vaults
 68922 | Vaults:5 | Reached XP level 25. HP: 134/217 MP: 14/23
 69144 | Vaults:5 | Noticed a dread lich
 69279 | Vaults:5 | Killed a dread lich
 69490 | Vaults:5 | Found the +7 captain's cutlass {speed, disarm}
 69882 | Vaults:5 | Identified the +3 scale mail of the Skiapode {Harm Str+3
                  | SInv}
 70531 | Vaults:5 | Found the +9 scales of the Dragon King {rPois rF+ rC+
                  | Will+}
 70678 | Vaults:5 | Identified the +0 scale mail of the Equator {Harm Rampage
                  | Int-2 Slay+5}
 70759 | Vaults:5 | Got a silver rune of Zot
 71552 | Depths:2 | Identified the ring "Neosh" {rPois rN+ Will+}
 71552 | Depths:2 | Identified the ring "Nehorghoo" {rPois AC+4}
 71762 | Depths:2 | Identified the ring of Waeseex {Fly rN+ rCorr Int+3}
 71765 | Depths:2 | Noticed a dread lich
 72014 | Depths:2 | Killed a dread lich
 72377 | Depths:2 | Lost mutation: Your muscles are strong. (Str +4, Int/Dex
                  | -1) [mutagenic glow]
 72562 | Depths:4 | Found an opulent altar of Gozag.
 72723 | Depths:4 | Noticed a juggernaut
 72731 | Depths:4 | Killed a juggernaut
 72888 | Depths:4 | Bought a potion of mutation for 104 gold pieces
 72888 | Depths:4 | Bought a potion of mutation for 104 gold pieces
 73074 | Depths:4 | Noticed Mennas
 73082 | Depths:4 | Killed Mennas
 73916 | Depths:4 | Found a gate to the Realm of Zot.
 74071 | Depths:4 | Found a one-way gateway to a ziggurat.
 74325 | Zot:1    | Entered Level 1 of the Realm of Zot
 74377 | Zot:1    | Gained mutation: You can speak a Word of Chaos. [demonic
                  | ancestry]
 74377 | Zot:1    | Reached XP level 26. HP: 170/233 MP: 20/23
 74574 | Zot:1    | Noticed Vv
 75377 | Zot:1    | Acquired a manual of Armour
 75454 | Zot:1    | Killed Vv
 76143 | Zot:1    | Noticed an orb of fire
 76166 | Zot:1    | Killed an orb of fire
 76221 | Zot:1    | Identified the +5 spear of Strategic Superiority {drain,
                  | *Corrode rN+++ Str+5}
 76222 | Zot:1    | Got Siulunko's Catalogue of The Black Sun
 77347 | Zot:2    | Found the +4 dragonskin cloak
 77347 | Zot:2    | Noticed Tiamat
 78100 | Zot:2    | Killed Tiamat
 79322 | Zot:3    | Noticed an orb of fire
 79325 | Zot:3    | Gained mutation: You are dopey. (Int -2) [an orb of fire]
 79336 | Zot:3    | Killed an orb of fire
 79624 | Zot:3    | Identified the +1 chain mail of Egalitarianism {rElec rCorr
                  | Str+2 Int+6}
 79785 | Zot:3    | Found a transporter.
 79865 | Zot:3    | You are sucked into a shaft and drop 1 floor!
 81437 | Crypt:1  | Entered Level 1 of the Crypt
 82572 | Crypt:2  | Gained mutation: You frequently emit foul miasma when
                  | damaged in melee. [demonic ancestry]
 82572 | Crypt:2  | Reached XP level 27. HP: 243/243 MP: 23/23
 83232 | Crypt:3  | Entered Level 3 of the Crypt
 83435 | Crypt:3  | Reached skill level 27 in Maces & Flails
 83698 | Crypt:3  | Identified the +0 crystal plate armour of Whack-A-Mole
                  | {+Blink Fly}
 84082 | Crypt:3  | Got the Annotations on Death
 84175 | Crypt:3  | Found a staircase to the Tomb.
 84349 | Crypt:3  | Identified the +0 leather armour of Lullak {SInv}
 84559 | Crypt:3  | Noticed Margery
 84573 | Crypt:3  | Killed Margery
 84897 | Crypt:3  | Found an ancient bone altar of Kikubaaqudgha.
 84899 | Crypt:3  | Noticed a dread lich
 84907 | Crypt:3  | Killed a dread lich
 85091 | Crypt:3  | Noticed a dread lich
 85110 | Crypt:3  | Killed a dread lich
 85660 | Hell     | Entered the Vestibule of Hell
 85660 | Hell     | Noticed Geryon
 85683 | Depths:1 | Bought the +3 crown of Dyrovepreva {rElec Int+2 SInv} for
                  | 745 gold pieces
 85683 | Depths:1 | Found the +3 crown of Dyrovepreva {rElec Int+2 SInv}
 85703 | Depths:1 | Bought a masterwork scarf for 330 gold pieces
 85703 | Depths:1 | Identified the scarf "Kafejan" {harm, Str+3 Int-2 Dex+3}
                  | (You bought it in a shop on level 1 of the Depths)
 85843 | Hell     | Killed Geryon
 86239 | Hell     | Found a gateway to the decaying netherworld of Tartarus.
 86296 | Tar:1    | Entered Level 1 of Tartarus
 86339 | Tar:1    | Lost mutation: Your skin changes colour to match your
                  | surroundings (Stealth+). [potion of mutation]
 86339 | Tar:1    | Lost mutation: You are covered in fur. (AC +1) [potion of
                  | mutation]
 86339 | Tar:1    | Lost mutation: Your flesh is heat resistant. (rF+) [potion
                  | of mutation]
 86339 | Tar:1    | Gained mutation: Your spells are a little harder to cast,
                  | but a little more powerful. [potion of mutation]
 86339 | Tar:1    | Lost mutation: Your spells are a little harder to cast, but
                  | a little more powerful. [potion of mutation]
 86339 | Tar:1    | Gained mutation: You passively map a small area around you.
                  | [potion of mutation]
 86340 | Tar:1    | Lost mutation: Your body often deteriorates upon taking
                  | damage. [potion of mutation]
 86340 | Tar:1    | Lost mutation: You are agile. (Dex +4, Str/Int -1) [potion
                  | of mutation]
 86340 | Tar:1    | Lost mutation: Your body sometimes deteriorates upon taking
                  | damage. [potion of mutation]
 86340 | Tar:1    | Gained mutation: You have hidden genetic potential. [potion
                  | of mutation]
 86741 | Tar:2    | Reached skill level 5 in Evocations
 87677 | Tar:5    | You are sucked into a shaft and drop 1 floor!
 88418 | Tar:7    | Entered Level 7 of Tartarus
 88433 | Tar:7    | Reached skill level 27 in Fighting
 89427 | Tar:7    | Noticed Ereshkigal
 89460 | Tar:7    | Killed Ereshkigal
 89703 | Tar:7    | Found the +8 frozen axe "Frostbite" {freeze, freezing
                  | cloud, *Noise Fly rC+}
 90637 | Tar:7    | Got a bone rune of Zot
 90847 | Tar:7    | Identified the +9 dagger "Lauho" {pain, ^Contam rN++}
 91836 | Hell     | Found a gateway to the freezing wastes of Cocytus.
 91881 | Hell     | Gained mutation: You have great hidden genetic potential.
                  | [hidden potential]
 92050 | Hell     | Found a gateway to the Iron City of Dis.
 92206 | Hell     | Found a gateway to the ashen valley of Gehenna.
 92304 | Dis:1    | Entered Level 1 of the Iron City of Dis
 93302 | Dis:3    | You are sucked into a shaft and drop 2 floors!
 93458 | Dis:5    | Slain by an iron golem

Illustrated notes

Levels and vault maps discovered:
D:1:      dpeg_arrival_round_b, layout_rooms, serial_park_tiny_pond,
          kennysheep_small_spiral
D:2:      wad_lake_hut, layout_basic, hangedman_abyss_or_decor_stabs,
          uniq_crazy_yiuf_cottage
D:3:      layout_rooms, lemuel_round_altar,
          shapermc_ecumenical_altar_mp_highgroup, minmay_ruptured
D:4:      layout_loops_ring, general_overflow_altar, serial_shops, shop_statue
D:5:      nicolae_cairo_tiling_very_big, layout_basic,
          mainiacjoe_overflow_six_doors_small, minmay_temple_entry_antechambers,
          nicolae_shop_distant_corner_stores
D:6:      cheibrodos_thug_alley, layout_loops_cross
D:7:      layout_basic, lemuel_coloured_pillars_altar, serial_co_window_serial,
          co_window_corner_a, co_window_corner_a, co_window_corner_a,
          co_window_paths_b, co_window_paths_b, co_window_corner_b,
          co_window_2corner, co_window_unsneaky_path_c, co_window_paths_e,
          glass_columns_a, glass_columns_b, glass_columns_a, glass_columns_a
D:8:      layout_basic, erik_lair_dragon
D:9:      layout_grid_maze, kennysheep_okawaru_gauntlet,
          mainiacjoe_overflow_catch_the_wave, chequers_arboretum
D:10:     layout_irregular_city, mainiacjoe_overflow_alcove_1,
          fedhas_altar_fruit_tree, serial_shops,
          nicolae_shop_just_a_little_nook, lightli_bailey_entry_fortress
D:11:     layout_basic, orc_0_dummy
D:12:     layout_stronghold, hangedman_aviary
D:13:     layout_irregular_city, lightli_vaults_fourway_checkpoint,
          serial_column_ruins, column_ruins_hut_ruined, column_ruins_open_tiny,
          column_ruins_corridor_straight, column_ruins_grid_2,
          column_ruins_open_tiny, column_ruins_columns_corner,
          column_ruins_columns_straight, minivault_25, grunt_decor_one_mirror
D:14:     layout_basic, old_standard_altar
D:15:     gammafunk_depths_entry_grave, layout_basic, serial_shops,
          bzr_entry_dummy, uniq_rupert
Temple:   nicolae_temple_ecumenical_triangle
Lair:1:   layout_hall_layers, serial_bayou_shore_a
Lair:2:   layout_loops_ring, guppyfry_snake_entry_garden, basic_altar
Lair:3:   layout_gridlike, elwin_shoals_entry_stream, hellmonk_talismancer,
          uniq_kirke
Lair:4:   layout_long_grid, nicolae_slime_entry_slimehenge,
          infiniplex_staircase_pool, grunt_megastairs_5, uniq_josephine,
          uniq_sonja
Lair:5:   evil_forest, layout_cave_pods, special_room
          [special_room_mythical_zoo], grunt_forest_small_clearing_treed,
          lemuel_fruit_tree
Shoals:1: layout_shoals, serial_shops, nicolae_shop_gaudy_bauble,
          nicolae_shop_temple_entry_statues_fountains,
          nicolae_shop_advertising_works [nicolae_subvault_shop_adworks],
          nicolae_shop_temple_entry_statues_fountains, shop,
          nicolae_shoals_spectral_cove
Shoals:2: layout_shoals, st_sunken_temple
Shoals:3: cheibrodos_shoals_epimethial_gifts, layout_shoals, uniq_bai_suzhen
Shoals:4: shoals_end_hellmonk_lost_city, serial_shops
Snake:1:  layout_chambers, grunt_megastairs_1, uniq_donald, uniq_nikola,
          uniq_jorgrun
Snake:2:  layout_layer_cave, gammafunk_ghost_wrathful_warriors,
          nicolae_snake_slithery_corners, uniq_saint_roka
Snake:3:  layout_grid_maze, serial_shops, shop
Snake:4:  johnstein_snake_rune_scales, layout_onion,
          minmay_shop_enchanted_jewellery, nicolae_snake_gridmaze_waves,
          nicolae_snake_omega, uniq_vashnia
Slime:1:  layout_caves, nicolae_slime_phagocytosis
Slime:2:  cheibrodos_slime_lost_civilization_2, layout_caves
Slime:3:  layout_caves, nicolae_slime_barrier
Slime:4:  layout_caves
Slime:5:  slime_pit_nicolae_royal_road_to_ruin
Orc:1:    layout_caves, basic_altar
Orc:2:    st_orc_ogre_mass, layout_diamond_mine, basic_altar, uniq_erolcha
Elf:1:    nicolae_elf_arrival_aired_out, layout_rooms,
          kennysheep_underground_church, minmay_shoptagon, uniq_agnes
Elf:2:    elven_hall_of_blades_hangedman_alternative [nicolae_blade_bullseye],
          layout_loops_corners, serial_shops, nicolae_shop_back_alley_shop,
          serial_library_regret_index_split_case
Elf:3:    elf_hall, layout_geoelf_grid, uniq_aizul, uniq_norris
Vaults:1: v_pattern_3, hangedman_vaults_pinch, nicolae_vaults_little_squares_1,
          nicolae_vaults_cochlea, v_misc_29, nicolae_vaults_closet_pinwheel_3,
          vaults_room_door_hall, hangedman_vaults_stitches,
          hangedman_vaults_stretched_pinwheel, grunt_tower_of_power,
          nicolae_vaults_diamond_2, nicolae_vaults_tetromino_T_1,
          layout_vaults_omnicross, serial_shops, nicolae_shop_overgrown_old_shop
Vaults:2: nicolae_vaults_storage_room_water, vaults_room_fancy_cross, v_misc_14,
          minmay_crypt_entry_simple_walls, nicolae_vaults_mini_display_case,
          v_misc_10, nicolae_vaults_corridor_and_loot_room,
          nicolae_vaults_tetromino_Z_1, vaults_room_boxed,
          nicolae_vaults_closet_pinwheel_4, nicolae_vaults_turnstiles,
          ontoclasm_vaults_ring_large, v_rooms_6, layout_vaults_maze_snakey,
          serial_shops, nicolae_shop_just_a_little_nook
Vaults:3: nicolae_vaults_spaceships, nicolae_vaults_network_s,
          hangedman_vaults_locks, nicolae_vaults_trapezoid_lopsided_4,
          nicolae_vaults_theta, grunt_vaults_bifocal,
          nicolae_vaults_closet_pinwheel_5, v_misc_18, v_alt_pattern_2,
          vaults_room_fancy_cross, vaults_room_door_ring, vaults_dpeg_ring,
          layout_vaults_ring
Vaults:4: mu_enter_wizlab_4, v_misc_30, ontoclasm_vaults_eye,
          nicolae_vaults_closet_pinwheel_4, ontoclasm_vaults_claustrophobia,
          vaults_dpeg_cross, nicolae_vaults_network_periphery, v_alt_pattern_3,
          hangedman_vaults_stagger, ontoclasm_vaults_gallery,
          nicolae_vaults_diamond_2, layout_vaults_big_room
Vaults:5
Crypt:1:  layout_catacombs, grunt_ministairs_15
Crypt:2:  layout_chaotic_city, lemuel_upstairs_altar, lemuel_elevator
Crypt:3:  quadcrypt_mu, uniq_margery
Depths:1: layout_basic, grunt_hell_entry_demonic_statue, enter_trove_3,
          rand_demon_pan_entry_5, st_stairs_14, evilmike_ambush
          [evilmike_ambush_outer_basic, evilmike_ambush_inner_wall_2]
Depths:2: evilmike_wizard_prison, layout_basic, pf_coc_iceberg,
          rand_demon_pan_entry_3, kennysheep_flooded_box, serial_shops, shop,
          nicolae_shop_crystal
Depths:3: nicolae_terramorphic_expanse [nicolae_terramorphic_quarter,
          nicolae_terramorphic_quarter, nicolae_terramorphic_quarter,
          nicolae_terramorphic_quarter, nicolae_terramorphic_quarter,
          nicolae_terramorphic_biome, nicolae_terramorphic_biome,
          nicolae_terramorphic_biome, nicolae_terramorphic_biome],
          layout_cave_shapes, minmay_room_of_horrors,
          pf_vacation_house_of_asmodeus, pan_entry,
          nemelex_diamond_rough_becter, chequers_serial_rivers_micro_d,
          chequers_serial_rivers_micro_c, minmay_misc_feat_rows,
          minmay_mirror_moons_of_madness
Depths:4: evilmike_zot_entry_hall, layout_basic, enter_ziggurat_f,
          grunt_gozag_statues, hell_entry,
          nicolae_abyss_entry_one_way_or_another, minmay_misc_feat_roman,
          uniq_mennas
Hell
Dis:1:    layout_gridville
Dis:2:    layout_subdivisions
Dis:3:    layout_gridville, nicolae_dis_metal_dragon_surprise
Dis:5:    layout_overlapping_boxes
Tar:1:    nicolae_tar_intersect_combbox, layout_cathedral_of_symmetry,
          nicolae_tar_cuneiform_sun
Tar:2:    layout_cathedral_of_symmetry
Tar:3:    layout_grid_maze
Tar:4:    layout_honeycomb
Tar:5:    layout_cathedral_of_symmetry
Tar:6:    layout_grid_maze
Tar:7:    tar_mu [tar_mu_maze]
Zot:1:    dreamdust_black_sun_cult, layout_onion_interference, uniq_vv
Zot:2:    layout_cathedral_of_symmetry, uniq_tiamat
Zot:3:    hellmonk_crystal_mountain, layout_concentric_octagons,
          nicolae_diode_basic
Zot:4:    layout_misc_corridors, regret_index_zotdec_barnacled_simple

Skill      XL: |  1  2  3  4  5  6  7  8  9 10 11 12 13 14 15 16 17 18 19 20 21 22 23 24 25 26 27 |
---------------+----------------------------------------------------------------------------------+-----
Maces & Flails | 3 4 5 6 8 9 11 12 14 15 17 18 19 20 21 22 24 25 26 27 | 27.0
Dodging        | 3 4 |  4.6
Armour         | 1 2 3 5 6 7 8 9 10 11 12 13 14 15 16 17 19 21 | 21.5
Stealth        | 2 3 4 5 6 7 |  7.0
Fighting       | 3 4 5 6 8 9 11 13 14 15 16 17 18 19 21 22 23 24 25 27 | 27.0
Throwing       | 2 3 4 |  4.8
Evocations     | 1 3 4 5 |  5.7
Shields        | 1 2 3 6 7 9 11 13 14 15 17 18 19 20 21 25 | 25.9

Action                     |  1- 3 |  4- 6 |  7- 9 | 10-12 | 13-15 | 16-18 | 19-21 | 22-24 | 25-27 || total
---------------------------+-------+-------+-------+-------+-------+-------+-------+-------+-------++-------
  Melee: Flail             |    94 |   142 |   157 |       |       |       |       |       |       ||   393
         Kick              |    21 |    36 |    90 |   204 |   383 |   372 |   912 |   954 |  1305 ||  4277
         Punch             |       |     1 |       |       |     7 |       |       |       |       ||     8
         Dire flail        |       |       |   145 |   492 |       |       |       |       |       ||   637
         Eveningstar       |       |       |       |    12 |   751 |   691 |  1414 |  1438 |  1808 ||  6114
  Throw: Throwing net      |     1 |       |     3 |       |       |       |     3 |       |     1 ||     8
         Javelin           |     1 |       |       |     5 |       |       |     4 |     8 |     2 ||    20
         Dart              |       |       |    12 |   148 |    73 |    44 |    23 |    31 |     5 ||   336
 Invoke: Call Merchant     |       |       |       |     1 |     1 |       |       |     5 |     5 ||    12
         Potion Petition   |       |       |       |     1 |       |       |       |     3 |     4 ||     8
  Evoke: Wand              |       |       |     8 |    33 |    25 |     6 |     6 |     7 |    17 ||   102
         Sack of spiders   |       |       |       |     5 |     3 |     3 |     3 |     3 |     4 ||    21
         Phantom mirror    |       |       |       |       |       |     4 |     2 |       |     1 ||     7
         Tin of tremorston |       |       |       |       |       |       |     3 |     2 |     5 ||    10
         Lightning rod     |       |       |       |       |       |       |       |       |     8 ||     8
         Horn of Geryon    |       |       |       |       |       |       |       |       |     2 ||     2
    Use: Potion            |     1 |       |       |     2 |       |     6 |    15 |     9 |    30 ||    63
         Scroll            |       |     6 |     3 |    11 |    10 |     8 |    10 |    19 |    12 ||    79
   Stab: Sleeping          |     2 |    14 |     4 |     6 |    22 |    11 |    15 |       |       ||    74
         Held in net/web   |     1 |       |     1 |       |       |       |       |       |     4 ||     6
         Distracted        |       |       |     3 |     7 |     9 |    13 |    29 |    16 |    22 ||    99
         Invisible         |       |       |       |       |     1 |       |    20 |       |     7 ||    28
         Petrified         |       |       |       |       |     1 |       |       |       |       ||     1
         Paralysed         |       |       |       |       |       |       |       |     2 |     2 ||     4
 Armour: Leather armour    |    79 |    36 |       |       |       |       |       |       |       ||   115
         Scale mail        |       |    39 |   257 |   295 |   380 |   315 |   511 |       |       ||  1797
         Crystal plate arm |       |       |       |       |       |       |   260 |   931 |   146 ||  1337
         Skin              |       |       |       |       |       |       |       |    86 |       ||    86
         Gold dragon scale |       |       |       |       |       |       |       |       |  1518 ||  1518
  Dodge: Dodged            |    83 |   101 |   234 |   209 |   376 |   265 |   345 |   257 |   382 ||  2252
  Block: Other             |       |       |       |    14 |    49 |       |       |       |       ||    63
         Kite shield       |       |       |       |       |   224 |   548 |  1086 |  1092 |  1956 ||  4906
         Reflection        |       |       |       |       |       |    84 |   116 |    46 |    43 ||   289
Riposte: Dire flail        |       |       |       |    31 |       |       |       |       |       ||    31
         Eveningstar       |       |       |       |       |   173 |   158 |   359 |   373 |   654 ||  1717
